 Dungeon Crawl Stone Soup version 0.25-a0-737-g26c3a87 (webtiles) character file.

Game seed: 5858147995674830777, levelgen mode: deterministic

177 Atlas the Chiller (level 5, 0/38 HPs)
             Began as a Draconian Ice Elementalist on Apr 11, 2020.
             Succumbed to goblin's curare-tipped dart
             ... on level 3 of the Dungeon.
             The game lasted 00:04:29 (2100 turns).

Atlas the Chiller (Draconian Ice Elementalist)      Turns: 2100, Time: 00:04:30

Health: 0/38       AC:  8    Str: 10    XL:     5   Next: 31%
Magic:  10/10      EV: 12    Int: 16    God:
Gold:   44         SH:  0    Dex:  9    Spells: 4/11 levels left

rFire    . . .     SeeInvis .     - Unarmed
rCold    . . .     Gourm    .   (no shield)
rNeg     . . .     Faith    .   (armour unavailable)
rPois    .         Spirit   .   (helmet restricted)
rElec    .         Reflect  .   j - +2 cloak
rCorr    .         Harm     .   (no gloves)
MR       .....                  (no boots)
Stlth    ++........             (no amulet)
HPRegen  0.12/turn              k - -3 ring of dexterity (curse)
MPRegen  0.12/turn              (no ring)

@: lethally poisoned (0 -> -27), stab, slowed, very slow
A: unfitting armour, cold-blooded, AC +5
a: no special abilities


You were on level 3 of the Dungeon.
You were not hungry.

You visited 1 branch of the dungeon, and saw 3 of its levels.

You collected 44 gold pieces.

Inventory:

Armour
 j - a +2 cloak (worn)
Jewellery
 k - a cursed -3 ring of dexterity (left hand)
Scrolls
 d - a scroll of enchant weapon
 f - a scroll of noise
 g - 2 scrolls of enchant armour
Potions
 a - a potion of stabbing
 h - a potion of cancellation {unknown}
 i - a potion of flight {unknown}
Comestibles
 b - 5 rations
 c - 8 chunks of flesh


   Skills:
 + Level 0.2 Fighting
 + Level 2.2 Dodging
 + Level 2.0 Stealth
 + Level 1.3 Unarmed Combat
 + Level 3.5 Spellcasting
 + Level 5.1 Ice Magic


You had 4 spell levels left.
You knew the following spells:

 Your Spells              Type           Power        Failure   Level  Hunger
a - Freeze                Ice            ###.         2%          1    None
b - Frozen Ramparts       Ice            ###...       7%          3    ###....
c - Ozocubu's Armour      Chrm/Ice       ##......     19%         3    ###....

Your spell library contained the following spells:

 Spells                   Type           Power        Failure   Level  Hunger
 Confusing Touch          Hex            #.......     47%         3    ###....
 Gell's Gravitas          Tloc           #.........   47%         3    ###....
 Hailstorm                Conj/Ice       ##......     52%         4    ####...
 Summon Ice Beast         Ice/Summ       ##......     52%         4    ####...
 Petrify                  Tmut/Erth      #.......     87%         4    ####...
 Metabolic Englaciation   Hex/Ice        ##........   86%         5    ######.
 Yara's Violent Unravell  Hex/Tmut       #.........   99%         5    ######.


Dungeon Overview and Level Annotations

Branches:
Dungeon (3/15)

Altars:


Innate Abilities, Weirdness & Mutations

Your plain brown scales are hard. (AC +5)
You cannot fit into any form of body armour.
You are cold-blooded and may be slowed by cold attacks.


Message History

A goblin is nearby!
A goblin is nearby!
The goblin shouts!
The goblin throws a curare-tipped dart.
The curare-tipped dart hits you.
You are poisoned.
You have difficulty breathing.
You feel yourself slow down.
You feel sick.
The goblin throws a curare-tipped dart.
The curare-tipped dart hits you.
You are lethally poisoned!
You have difficulty breathing.
You feel as though you will be slow longer.
The goblin throws a curare-tipped dart.
The curare-tipped dart hits you.
You are more poisoned.
You have difficulty breathing.
* * * LOW HITPOINT WARNING * * *
You feel as though you will be slow longer.
You see here 2 curare-tipped darts.
It was a potion of stabbing.
You feel ready to backstab.
You die...

. . ##. ##..#. #..
....#. #.#
........#.###.# ####
###.....#### ... ...
#.....###... ..##
#.###รท.@....g.. ..#
#........#..#.# # #.#
##..###..# # #
#)###........#
######.).).........>
........###.######...
.#.#......#.# ##..
.#.#........# #.
...####...#..#


You could see a goblin.

Vanquished Creatures
  Jessica (D:2)
  Robin (D:2)
  5 adders
  An ooze (D:2)
  3 dart slugs (D:2)
  A leopard gecko (D:2)
  An orc (D:3)
  11 bats
  6 giant cockroaches
  19 goblins
  4 hobgoblins
  12 frilled lizards
  11 kobolds
  7 rats
83 creatures vanquished.

Notes
Turn   | Place    | Note
-------+----------+-------------------------------------------
     0 | D:1      | Atlas the Draconian Ice Elementalist began the quest for
                  | the Orb.
     0 | D:1      | Reached XP level 1. HP: 14/14 MP: 3/3
   259 | D:1      | Reached XP level 2. HP: 19/20 MP: 0/5
  1082 | D:2      | Reached XP level 3. HP: 26/26 MP: 0/6
  1279 | D:2      | Learned a level 3 spell: Frozen Ramparts
  1283 | D:2      | Learned a level 3 spell: Ozocubu's Armour
  1305 | D:2      | Noticed Robin
  1423 | D:2      | Reached XP level 4. HP: 32/33 MP: 3/8
  1432 | D:2      | Killed Robin
  1519 | D:2      | Noticed Jessica
  1525 | D:2      | Killed Jessica
  1525 | D:2      | Reached skill level 5 in Ice Magic
  1547 | D:2      | Reached skill level 1 in Unarmed Combat
  1714 | D:2      | Reached XP level 5. HP: 34/38 MP: 5/9
  2100 | D:3      | Succumbed to goblin's curare-tipped dart

Levels and vault maps discovered:
D:1:      dpeg_arrival_yet_another_circle, layout_loops_ring
D:2:      layout_rooms, first_ration, minmay_lizard_king, uniq_robin,
          uniq_jessica
D:3:      layout_rooms, gammafunk_ghost_mausoleum, chequers_jeans

Skill      XL: |  1  2  3  4 |
---------------+-------------+-----
Dodging        | 2 |  2.2
Stealth        | 2 |  2.0
Ice Magic      | 5 |  5.1
Unarmed Combat | 1 |  1.3
Spellcasting   | 3 |  3.5
Fighting       | |  0.2

Action                   |  1- 3 |  4- 6 || total
-------------------------+-------+-------++-------
Melee: Unarmed           |    56 |    14 ||    70
       Tailslap          |     9 |       ||     9
       Hand axe          |     3 |       ||     3
 Cast: Freeze            |    48 |    36 ||    84
       Frozen Ramparts   |     2 |     1 ||     3
  Use: Scroll            |     2 |     3 ||     5
       Potion            |       |     1 ||     1
 Stab: Distracted        |     1 |       ||     1
  Eat: Chunk             |     2 |     3 ||     5
Armor: Skin              |    39 |    17 ||    56
Dodge: Dodged            |    78 |    25 ||   103

Table legend:
 A = Non-vault XP
 B = Vault XP
 C = Vault XP percentage of total XP
 D = Non-vault monster count
 E = Vault monster count
 F = Vault count percentage of total count
                 A         B        C        D         E       F
            +---------+---------+-------+---------+---------+-------
      Total |     168 |      86 |  33.9 |      60 |      23 |  27.7
            +---------+---------+-------+---------+---------+-------
        D:1 |      35 |       0 |   0.0 |      22 |       0 |   0.0
        D:2 |      95 |      86 |  47.5 |      30 |      23 |  43.4
        D:3 |      38 |       0 |   0.0 |       8 |       0 |   0.0
            +---------+---------+-------+---------+---------+-------
